[Event "***Titled Tuesday 3|2 Blitz"]
[Site "Chess.com"]
[Date "2017.02.07"]
[Round "7"]
[White "Alexander_Moskalenko"]
[Black "hansen"]
[Result "1-0"]
[WhiteElo "2702"]
[BlackElo "2636"]
[TimeControl "180+2"]
[EndTime "14:47:54 PST"]
[Termination "Alexander_Moskalenko won by resignation"]

1. Nf3 Nf6 2. d4 g6 3. Bg5 Bg7 4. Nbd2 d5 5. e3 O-O 6. c3 Nbd7 7. Be2 Re8 8. O-O e5 9. h3 c6 10. Bh4 Qb6 11. Qb3 Ne4 12. Nxe4 dxe4 13. Nd2 exd4 14. cxd4 c5 15. Bb5 cxd4 16. Nc4 Qe6 17. exd4 a6 18. d5 Qxd5 19. Bxd7 Bxd7 20. Rfd1 Qb5 21.
Nb6 Qxb3 22. axb3 Be6 23. Nxa8 Rxa8 24. Rac1 Bxb2 25. Rc7 b5 26. b4 a5 27. bxa5 Rxa5 28. Rb7 Kg7 29. Rb1 Bd4 30. R7xb5 Ra2 31. Rd1 Bc3 32. Bg3 h5 33. Be5+ Bxe5 34. Rxe5 Bf5 35. Rc1 Kf6 36. Re8 Ra7 37. Rc3 Kg7 38. Re3 Kf6 39. f3 exf3 40. Rxf3 Kg7 41. Kh2 Be6 42. Rf2 Ra3 43. Re7 Ra4 44. Rc7 Ra3 45. Re2 Ra6 46.
Kg3 Kf6 47. Rc3 Ra4 48. Rf3+ Kg7 49. Ree3 Bd5 50. Rf2 Be6 51. Kh2 Ra6 52. Rc3 Ra5 53.
Rc7 Re5 54. Re7 Ra5 55. Rf1 Ra2 56. Kg1 Bd5 57. Rf2 Ra1+ 58. Kh2 Be6 59. Kg3 Ra3+ 60. Rf3 Ra2 61. h4 Bd5 62. Rf2 Ra3+ 63. Kh2 Ra4 64. Kg3 Ra3+ 65. Kh2 Ra4 66. Kg3 Rg4+ 67. Kh3 Be6 68. g3 Ra4+ 69. Kh2 Ra1 70. Rd2 Rc1 71. Rb7 Ra1 72. Kg2 Bf5 73. Rb4 Be6 74. Kf3 Rf1+ 75. Ke3 Rg1 76. Kf2 Ra1 77. Rf4 Rb1 78. Ra4 Rc1 79. Ra3 Rh1 80. Ke3 Re1+ 81. Kd4 Kf6 82.
Rf2+ Kg7 83. Re3 Rd1+ 84. Kc5 Rd5+ 85. Kc6 Rd1 86. Kc7 Rd4 87. Rf4 Rd1 88. Rb4 Kf6 89. Rb6 Rc1+ 90. Rc6 Rd1 91. Rf3+ Kg7 92. Rd6 Rc1+ 93.
Kb7 Rb1+ 94. Kc7 Rc1+ 95. Kd8 Rc8+ 96. Ke7 Rc7+ 97. Ke8 Ra7 98. Rb6 Ra8+ 99. Ke7 Ra7+ 100. Kd6 Ra5 101. Re3 Rd5+ 102. Kc7 Rd1 103. Rc6 Kf6 104. Rcc3 Kf5 105. Rf3+ Kg4 106. Rf4+ Kh3 107. Rff3 Kg4 108. Rfe3 Rd2 109. Kb6 Rf2 110. Kc5 Rd2 111. Kc6 Rd8 112. Kb6 Bf5 113. Rc4+ Kh3 114. g4+ Kxh4 115. gxf5+ Kg5 116. fxg6 fxg6 117. Rg3+ Kh6 118. Kc7 Rd5 119. Kc6 Rd8 120. Re4 Rg8 121. Kd5 g5 122. Re6+ Rg6 123. Rxg6+ Kxg6 124. Ke4 h4 125. Ra3 Kh5 126. Kf3 1-0

[Event "***Titled Tuesday 3|2 Blitz"]
[Site "Chess.com"]
[Date "2017.02.07"]
[Round "8"]
[White "GM_dmitrij"]
[Black "EmeseBalogh"]
[Result "1-0"]
[WhiteElo "2460"]
[BlackElo "1998"]
[TimeControl "180+2"]
[EndTime "14:54:33 PST"]
[Termination "GM_dmitrij won by resignation"]

1. e4 d5 2. exd5 Qxd5 3. Nc3 Qd6 4. d4 c6 5. Nf3 Nf6 6. Ne5 Bf5 7. Nc4 Qd8 8. Bg5 e6 9. Qd2 Be7 10. O-O-O Nbd7 11. f3 Nb6 12. g4 Bg6 13. Ne5 Nbd5 14. h4 h6 15. Nxg6 fxg6 16. Be3 Qb6 17. Qd3 O-O-O 18. Bd2 Bb4 19. Nxd5 Nxd5 20. c3 Bd6 21. Qxg6 Nf4 22. Qe4 Rhf8 23. Bc4 e5 24. dxe5 Ba3 25.
bxa3 g5 26. hxg5 hxg5 27. Kc2 Qa5 28. e6 Rfe8 29. Bxf4 gxf4 30. e7 Rxd1 31. Rxd1 Qxa3 32. Qf5+ Kc7 33. Qxf4+ Kb6 34. Qd4+ 1-0

[Event "***Titled Tuesday 3|2 Blitz"]
[Site "Chess.com"]
[Date "2017.02.07"]
[Round "8"]
[White "Divertissement"]
[Black "martinique24"]
[Result "0-1"]
[WhiteElo "2426"]
[BlackElo "2344"]
[TimeControl "180+2"]
[EndTime "14:55:06 PST"]
[Termination "martinique24 won by checkmate"]

1. e4 c5 2. Nf3 d6 3. d4 cxd4 4. Nxd4 Nf6 5. Nc3 a6 6. Bg5 e6 7. f4 Nc6 8. Nxc6 bxc6 9. e5 h6 10. Bh4 g5 11. fxg5 Nd5 12. Ne4 Qb6 13. Bd3 hxg5 14.
Bxg5 Qxb2 15. exd6 Qe5 16. c4 f5 17. cxd5 fxe4 18.
dxc6 exd3+ 19. Kf1 Bxd6 20. Qf3 Qxa1+ 21. Kf2 Qxh1 22. c7 Rf8 23. Ke3 Rxf3+ 24. Ke4 Bb7+ 25. Kd4 Qxg2 26. Be3 Rxe3 27. Kc4 d2 28. a4 d1=Q 29. a5 Qdd5# 0-1

[Event "***Titled Tuesday 3|2 Blitz"]
[Site "Chess.com"]
[Date "2017.02.07"]
[Round "8"]
[White "Iball95"]
[Black "salomez"]
[Result "1-0"]
[WhiteElo "2405"]
[BlackElo "2146"]
[TimeControl "180+2"]
[EndTime "14:55:10 PST"]
[Termination "Iball95 won by checkmate"]

1. c4 e5 2. Nc3 Bb4 3. Nd5 Bc5 4.
Nf3 c6 5. Nc3 Qe7 6. e3 Nf6 7.
Nxe5 Qxe5 8. d4 Bxd4 9. Qxd4 Qxd4 10. exd4 O-O 11. Be2 d5 12. cxd5 cxd5 13. Bg5 Nc6 14. Bxf6 gxf6 15. O-O-O Be6 16. Bf3 Rfd8 17. Rhe1 Rac8 18.
Kb1 Bf5+ 19. Ka1 Nb4 20. Rd2 Nc2+ 21. Rxc2 Bxc2 22. Nxd5 Kg7 23. h4 Ba4 24. b3 Bc6 25. Ne7 Rc7 26. d5 Bd7 27. Re3 b6 28. Kb2 Bc8 29. Nc6 Rd6 30. Re8 Bb7 31. Ne7 Rdd7 32.
Rg8+ Kh6 33. Nf5# 1-0

[Event "***Titled Tuesday 3|2 Blitz"]
[Site "Chess.com"]
[Date "2017.02.07"]
[Round "8"]
[White "twitchTriniCupid"]
[Black "Saitama_Hero"]
[Result "1-0"]
[WhiteElo "2139"]
[BlackElo "2042"]
[TimeControl "180+2"]
[EndTime "14:55:24 PST"]
[Termination "twitchTriniCupid won by resignation"]

1. Nf3 Nf6 2. g3 g6 3. Bg2 Bg7 4. O-O O-O 5. d3 d5 6. Nc3 d4 7. Nb5 c5 8. c4 a6 9. Na3 Nc6 10. Nc2 e5 11. a3 Re8 12. Bg5 h6 13. Bxf6 Bxf6 14. Nd2 a5 15. Qc1 Bg7 16. b4 axb4 17. axb4 Rxa1 18. Qxa1 cxb4 19. Qa4 Bd7 20.
Nxb4 Na5 21. Qa2 Nc6 22. Nd5 Bg4 23. Ne4 Kh7 24. h3 Bc8 25. Rb1 Re7 26. Nc5 Qd6 27.
Ne4 Qd8 28. Qa3 f5 29. Nxe7 Nxe7 30. Qd6 Qe8 31. Nc5 Bf8 32. Qxe5 Qf7 33. Nxb7 Bg7 34. Nd6 Qf8 35. Qc5 Bd7 36. Qc7 Be6 37. Rb8 Bf6 1-0

[Event "***Titled Tuesday 3|2 Blitz"]
[Site "Chess.com"]
[Date "2017.02.07"]
[Round "8"]
[White "SCIM"]
[Black "Vegan4future"]
[Result "0-1"]
[WhiteElo "2272"]
[BlackElo "2417"]
[TimeControl "180+2"]
[EndTime "14:55:31 PST"]
[Termination "Vegan4future won by resignation"]

1. d4 Nf6 2. c4 g6 3. Nc3 Bg7 4.
e4 d6 5. f3 O-O 6. Be3 c5 7.
Nge2 Nc6 8. d5 Ne5 9. Ng3 h5 10.
Be2 h4 11. Nf1 e6 12. f4 Nxc4 13. Bxc4 b5 14. Bxb5 exd5 15. e5 Bg4 16. exf6 Bxd1 17. fxg7 Kxg7 18. Rxd1 d4 19. Rxd4 cxd4 20. Bxd4+ f6 21.
Ne3 Rb8 22. O-O Qa5 23. Bc4 Rxb2 24. Ne4 Rb4 25. f5 Rxc4 26. Nxc4 Qd5 27. Rd1 Qxe4 28. fxg6 Kxg6 29. Bf2 Qxc4 0-1

[Event "***Titled Tuesday 3|2 Blitz"]
[Site "Chess.com"]
[Date "2017.02.07"]
[Round "8"]
[White "Maitreia"]
[Black "jncool68"]
[Result "1-0"]
[WhiteElo "2491"]
[BlackElo "2516"]
[TimeControl "180+2"]
[EndTime "14:55:32 PST"]
[Termination "Maitreia won by resignation"]

1. c4 e5 2. g3 Nf6 3. Bg2 c6 4.
Nf3 e4 5. Nd4 d5 6. cxd5 Qxd5 7.
Nc2 Qh5 8. h3 Bd6 9. Nc3 Qg6 10.
Ne3 O-O 11. O-O Nbd7 12. d3 exd3 13. Qxd3 Qxd3 14. exd3 Nb6 15. Bd2 Be6 16. d4 Nc4 17. Nxc4 Bxc4 18. Rfe1 Rad8 19. Bg5 Bb4 20. Bxf6 gxf6 21.
a3 Ba5 22. Rad1 Kg7 23. b4 Bb6 24. d5 Bb3 25. Rd2 c5 26. Re7 Rfe8 27. Rxb7 cxb4 28.
axb4 Rc8 29. Ne4 Red8 30. d6 Rc4 31. b5 Rb4 32. Nc3 Bc4 33. Bc6 Rb3 34. Ne4 Bxb5 35.
Rxf7+ Kg6 36. Rxf6+ Kg7 37. Bxb5 Rxb5 38. Re6 a5 39. Re7+ Kg6 40. Kg2 a4 41. f4 a3 42.
g4 Rb2 43. f5+ 1-0

[Event "***Titled Tuesday 3|2 Blitz"]
[Site "Chess.com"]
[Date "2017.02.07"]
[Round "8"]
[White "NoWuss2"]
[Black "coalescenet"]
[Result "0-1"]
[WhiteElo "2039"]
[BlackElo "2307"]
[TimeControl "180+2"]
[EndTime "14:55:38 PST"]
[Termination "coalescenet won by resignation"]

1. e4 c6 2. Nc3 d5 3. Nf3 Bg4 4. h3 Bxf3 5. Qxf3 Nf6 6. Be2 e6 7.
O-O Nbd7 8. d4 dxe4 9. Nxe4 Nxe4 10. Qxe4 Nf6 11. Qh4 Be7 12. c4 O-O 13. Rd1 Qb6 14. a3 a5 15. Bd3 g6 16. Bg5 Qd8 17. b4 Nd5 18. Bxe7 Qxe7 19. Qg3 Nc3 20. Re1 axb4 21. axb4 Qxb4 22. Rxa8 Rxa8 23. Kh2 b5 24. cxb5 cxb5 25. Re3 Nd5 26. Be4 Nxe3 27. Bxa8 Nf1+ 28. Kg1 Nxg3 0-1

[Event "***Titled Tuesday 3|2 Blitz"]
[Site "Chess.com"]
[Date "2017.02.07"]
[Round "8"]
[White "BillieKimbah"]
[Black "Konavets"]
[Result "1-0"]
[WhiteElo "2621"]
[BlackElo "2554"]
[TimeControl "180+2"]
[EndTime "14:55:39 PST"]
[Termination "BillieKimbah won by resignation"]

1. d4 Nf6 2. c4 c5 3. d5 e6 4. Nc3 exd5 5. cxd5 a6 6. e4 d6 7. a4 g6 8. Nf3 Bg7 9. Nd2 O-O 10. Be2 Re8 11. O-O Nbd7 12. h3 Rb8 13. a5 Qc7 14. Ra3 b5 15. axb6 Rxb6 16. Qc2 Ne5 17. b3 Nh5 18. Bxh5 gxh5 19. f4 Ng6 20. Nc4 Bd4+ 21.
Kh1 Rb4 22. Ne2 Bh8 23. Bd2 Rb8 24. Bc3 Bxc3 25. Nxc3 f5 26. Raa1 a5 27. Rae1 Ba6 28.
exf5 Rxe1 29. Rxe1 Nxf4 30. Qd2 Rxb3 31. Qxf4 Rxc3 32.
Nxd6 1-0

[Event "***Titled Tuesday 3|2 Blitz"]
[Site "Chess.com"]
[Date "2017.02.07"]
[Round "8"]
[White "alekroth64"]
[Black "olomi007"]
[Result "0-1"]
[WhiteElo "2239"]
[BlackElo "2504"]
[TimeControl "180+2"]
[EndTime "14:55:40 PST"]
[Termination "olomi007 won by resignation"]

1. d4 Nf6 2. c4 g6 3. Nc3 Bg7 4.
e4 d6 5. f3 O-O 6. Be3 b6 7.
Nge2 c5 8. d5 e6 9. Qd2 a6 10.
a4 exd5 11. cxd5 Nbd7 12. Nc1 Re8 13. Be2 Nh5 14. O-O f5 15. Bg5 Bf6 16. Bxf6 Qxf6 17. exf5 gxf5 18. f4 Ng7 19. Bf3 Nf8 20. N1e2 Bd7 21.
Rae1 b5 22. axb5 axb5 23. Ng3 b4 24. Rxe8 Rxe8 25. Nce2 Bb5 26. Re1 Ng6 27. Nh5 Nxh5 28. Bxh5 Qe7 29. Bxg6 hxg6 30. Kf2 Bc4 31. g3 Qe4 32.
Nc1 Qxe1+ 33. Qxe1 Rxe1 34. Kxe1 Bxd5 35. Kd2 Bc4 36.
Ke3 Kf7 37. b3 Bb5 38. h3 Bf1 39. h4 d5 40. Kf2 Bb5 41. Ke3 d4+ 0-1

[Event "***Titled Tuesday 3|2 Blitz"]
[Site "Chess.com"]
[Date "2017.02.07"]
[Round "8"]
[White "Sven_Tica"]
[Black "abubakrtagelsir"]
[Result "1-0"]
[WhiteElo "2419"]
[BlackElo "2145"]
[TimeControl "180+2"]
[EndTime "14:55:43 PST"]
[Termination "Sven_Tica won on time"]

1. d4 d5 2. c4 c6 3. Nf3 Nf6 4. Qc2 dxc4 5. Qxc4 Bf5 6. Nc3 e6 7. Bg5 Be7 8. e3 Nbd7 9. Be2 O-O 10. O-O Ne4 11.
Nxe4 Bxe4 12. Bxe7 Qxe7 13. Nd2 Nb6 14. Qc5 Qxc5 15.
dxc5 Bxg2 16. Kxg2 Na4 17. b4 Rfd8 18. Nc4 b5 19. Nd6 a5 20. a3 Nc3 21. Bf3 axb4 22. axb4 Nd5 23. Bxd5 exd5 24. Kf3 g6 25. e4 dxe4+ 26.
Kxe4 Kg7 27. Kd4 Kf6 28. Rfe1 h5 29. Rxa8 Rxa8 30. Ne8+ Kg5 31. Re7 f5 32. Nd6 Ra2 33.
Rc7 Rxf2 34. Rxc6 Rd2+ 35. Ke3 Rxh2 36. Nf7+ Kh4 37. Rxg6 1-0

[Event "***Titled Tuesday 3|2 Blitz"]
[Site "Chess.com"]
[Date "2017.02.07"]
[Round "8"]
[White "DrVelja"]
[Black "DryCounty"]
[Result "1-0"]
[WhiteElo "2506"]
[BlackElo "2391"]
[TimeControl "180+2"]
[EndTime "14:55:55 PST"]
[Termination "DrVelja won by checkmate"]

1. e4 c5 2. Nf3 d6 3. d4 cxd4 4. Nxd4 Nf6 5. Nc3 Nc6 6. Bg5 e6 7. Qd2 Be7 8. O-O-O O-O 9. f3 Nxd4 10. Qxd4 a6 11.
Kb1 b5 12. h4 Qc7 13. g4 Bb7 14. Bd3 Rfd8 15. Ne2 e5 16. Qf2 d5 17. Bxf6 Bxf6 18. exd5 Bxd5 19. Nc3 Be6 20. g5 Be7 21. Ne4 Qa5 22. b3 Rac8 23. h5 Rd4 24. Qg3 Ra4 25. bxa4 Qxa4 26. Qxe5 Qxa2+ 27. Kc1 Bb4 28. h6 Bf8 29. hxg7 Bxg7 30. Nf6+ Kf8 31. Qd6# 1-0

[Event "***Titled Tuesday 3|2 Blitz"]
[Site "Chess.com"]
[Date "2017.02.07"]
[Round "8"]
[White "Dale"]
[Black "ABDELAZEEZ-M"]
[Result "1-0"]
[WhiteElo "1994"]
[BlackElo "2122"]
[TimeControl "180+2"]
[EndTime "14:56:03 PST"]
[Termination "Dale won by checkmate"]

1. f3 d5 2. d4 Bf5 3. Nc3 c6 4. e4 dxe4 5. fxe4 Bg6 6. Nf3 e6 7. h4 h6 8. Ne5 Bh7 9. Qf3 Nf6 10. Be3 Bb4 11. Bd3 Qa5 12. Nc4 Bxc3+ 13. bxc3 Qxc3+ 14. Ke2 Bxe4 15. Nd6+ Ke7 16. Nxe4 Nxe4 17.
Qxe4 Nd7 18. Rab1 Rab8 19. Bf4 Nf6 20. Qe5 Rhd8 21. Rb3 Qxd4 22. Qxd4 Rxd4 23. Bxb8 b5 24. Be5 Ra4 25. Bxf6+ Kxf6 26. a3 a6 27. g3 Rg4 28.
Kf3 Rd4 29. Re1 c5 30. Ke3 Rd6 31. Rf1+ Ke7 32. Bxb5 axb5 33. Rxb5 Ra6 34. Rb7+ Kd6 35. Rfxf7 Rxa3+ 36. Kf2 g5 37. h5 Rc3 38. Rb2 Ke5 39.
Rh7 Kf5 40. Rxh6 e5 41. Rh8 Kg4 42. Re8 Rxg3 43. Rxe5 Rh3 44. Rxc5 Kxh5 45. Kg2 Re3 46. Rbb5 Kh4 47. Rxg5 Re2+ 48. Kf1 Rxc2 49. Rgc5 Rd2 50. Rb4+ Kg3 51. Rc3+ Kh2 52. Rh4# 1-0

[Event "***Titled Tuesday 3|2 Blitz"]
[Site "Chess.com"]
[Date "2017.02.07"]
[Round "8"]
[White "Evgeny81"]
[Black "MattyDPerrine"]
[Result "1-0"]
[WhiteElo "2381"]
[BlackElo "2180"]
[TimeControl "180+2"]
[EndTime "14:56:07 PST"]
[Termination "Evgeny81 won on time"]

1. Nf3 c5 2. g3 b6 3. Bg2 Bb7 4. O-O Nf6 5. c4 e6 6. b3 Be7 7. Bb2 O-O 8. d4 cxd4 9. Qxd4 Nc6 10. Qf4 d5 11. Rd1 Qb8 12. Qxb8 Raxb8 13. Ne5 Nb4 14.
Na3 dxc4 15. Naxc4 Bxg2 16. Kxg2 Rbc8 17. a3 Nbd5 18. a4 Ne4 19. Nd3 Nec3 20. Bxc3 Nxc3 21. Rd2 Rfd8 22. Re1 Nxa4 23. Ra2 b5 24. Nce5 Nc5 25. Rxa7 Re8 26. Nxc5 Bxc5 27. Rb7 f6 28. Nd3 Bf8 29. Rxb5 Rb8 30. Rxb8 Rxb8 31. Rb1 Kf7 32. Kf3 e5 33. e4 Ke6 34. Ke2 g6 35. b4 f5 36. f3 Bd6 37. b5 Kd7 38. Kd2 Kc7 39. Kc3 1-0

[Event "***Titled Tuesday 3|2 Blitz"]
[Site "Chess.com"]
[Date "2017.02.07"]
[Round "8"]
[White "LyonBeast"]
[Black "ShimanovAlex"]
[Result "1/2-1/2"]
[WhiteElo "2748"]
[BlackElo "2667"]
[TimeControl "180+2"]
[EndTime "14:56:12 PST"]
[Termination "Game drawn by agreement"]

1. e4 c6 2. Nf3 d5 3. Nc3 dxe4 4.
Nxe4 Nf6 5. Qe2 Nxe4 6. Qxe4 Qd5 7. Qh4 Bf5 8. Bc4 Qd6 9. O-O e6 10. d3 Be7 11. Qg3 Qxg3 12. hxg3 Nd7 13. a4 a5 14. Re1 h6 15. Nd4 Bg6 16. Bf4 Nb6 17. Bb3 Kd7 18.
Nf3 Bf6 19. Ne5+ Bxe5 20. Bxe5 Rhg8 21. Rad1 Nd5 22. c4 Nb4 23. Rd2 f6 24. Bc3 Rge8 25. d4 Bf7 26. Bd1 Kc7 27. b3 Rad8 28. Bf3 b6 29.
Red1 Rd7 30. Kf1 Red8 31. Ke2 c5 32. dxc5 bxc5 33. Rxd7+ Rxd7 34. Rxd7+ Kxd7 35. Be4 Kd6 36. g4 e5 37. g3 Be6 38. f3 Bd7 39. Ke3 g5 40.
Bf5 Bc6 41. f4 Bb7 42. fxe5+ fxe5 43. Be4 Bc8 44. Bf3 Bd7 45. Bd1 Bc6 46. Be2 Bb7 47. Bf3 Bc8 48. Kd2 Bd7 49. Ke3 1/2-1/2

[Event "***Titled Tuesday 3|2 Blitz"]
[Site "Chess.com"]
[Date "2017.02.07"]
[Round "8"]
[White "WanderingPuppet"]
[Black "aa175"]
[Result "1-0"]
[WhiteElo "2321"]
[BlackElo "1913"]
[TimeControl "180+2"]
[EndTime "14:56:22 PST"]
[Termination "WanderingPuppet won by checkmate"]

1. e4 e5 2. Nf3 Nc6 3. Bb5 a6 4.
Ba4 g6 5. O-O Nge7 6. c3 Bg7 7. d4 d6 8. d5 b5 9. Bc2 Na5 10. b4 Nc4 11. Nbd2 Nb6 12. a4 Bd7 13. a5 Nbc8 14. c4 O-O 15. Bd3 f5 16. Ng5 Na7 17.
Re1 h6 18. Ne6 Bxe6 19. dxe6 Qc8 20. cxb5 axb5 21. Bc2 Qxe6 22. Bb3 d5 23. exd5 Qd6 24. Bb2 Rad8 25. Nf3 Kh7 26. Nxe5 Nxd5 27. Rc1 Qxb4 28. Qf3 Nf4 29. Ba3 Qxa5 30. Bxf8 Rxf8 31. Qxf4 g5 32. Qf3 Qb4 33. Be6 f4 34. Qd3+ Kh8 35. Ng6+ Kh7 36. Nxf8+ Kh8 37. Qh7# 1-0

[Event "***Titled Tuesday 3|2 Blitz"]
[Site "Chess.com"]
[Date "2017.02.07"]
[Round "8"]
[White "Robin-Side"]
[Black "Grebeniuk-S"]
[Result "1-0"]
[WhiteElo "2383"]
[BlackElo "2427"]
[TimeControl "180+2"]
[EndTime "14:56:29 PST"]
[Termination "Robin-Side won by checkmate"]

1. d4 f5 2. Bg5 g6 3. Nc3 Nh6 4.
e4 Nf7 5. Be3 d6 6. Bd3 fxe4 7.
Nxe4 Bg7 8. h4 e5 9. d5 O-O 10. h5 Bf5 11. hxg6 Bxg6 12. Nf3 c6 13. Neg5 e4 14.
Nxe4 Qa5+ 15. Nc3 Bxc3+ 16. bxc3 Qxc3+ 17. Bd2 Re8+ 18. Kf1 Bxd3+ 19. cxd3 Qxd3+ 20. Kg1 Qxd5 21. Qc2 Qe4 22. Qb3 Nd7 23. Ng5 Qd5 24. Qg3 Nxg5 25. Bxg5 Kh8 26. Qh4 Qf7 27. Bd2 Re6 28. Bc3+ Kg8 29.
Rh3 Rg6 30. Re1 Rf8 31. Re7 Qxe7 32. Qxe7 Ne5 33. Qxh7# 1-0

[Event "***Titled Tuesday 3|2 Blitz"]
[Site "Chess.com"]
[Date "2017.02.07"]
[Round "8"]
[White "Vamostodorecto"]
[Black "Incognito_Knight"]
[Result "0-1"]
[WhiteElo "2370"]
[BlackElo "2323"]
[TimeControl "180+2"]
[EndTime "14:56:30 PST"]
[Termination "Incognito_Knight won on time"]

1. d4 Nf6 2. c4 e6 3. Nc3 d5 4.
cxd5 exd5 5. Bg5 Be7 6. e3 O-O 7. Bd3 Nbd7 8. Qc2 c6 9. Nge2 Re8 10. O-O Nf8 11. f3 g6 12. Rad1 Ne6 13. Bh4 Ng7 14.
Bf2 Bf5 15. e4 dxe4 16. fxe4 Be6 17. Kh1 Ng4 18. Bg1 Bg5 19. d5 cxd5 20. exd5 Bf5 21. Bxf5 Nxf5 22. Rxf5 gxf5 23. Qxf5 Nh6 24. Qd3 Qd6 25.
Ne4 Qg6 26. N2g3 Bh4 27. Bd4 Ng4 28. Qf3 Bxg3 29. Nxg3 Rad8 30. Nf5 Ne5 31. Qe4 Nc6 0-1

[Event "***Titled Tuesday 3|2 Blitz"]
[Site "Chess.com"]
[Date "2017.02.07"]
[Round "8"]
[White "ka1ser64"]
[Black "Vrolijk"]
[Result "0-1"]
[WhiteElo "2287"]
[BlackElo "2303"]
[TimeControl "180+2"]
[EndTime "14:56:30 PST"]
[Termination "Vrolijk won by resignation"]

1. d4 Nf6 2. c4 e6 3. Nf3 d5 4. Nc3 a6 5. c5 b6 6. cxb6 cxb6 7.
Bf4 Bd6 8. e3 O-O 9. Bd3 a5 10.
Rc1 Ba6 11. O-O Bxd3 12. Qxd3 Bxf4 13. exf4 Nc6 14. f5 Nb4 15. Qb1 Re8 16. fxe6 Rxe6 17. Qf5 Qd7 18. Ng5 Re7 19. Qxd7 Rxd7 20. a3 Nd3 21.
Rc2 Rc8 22. Rd1 Nxb2 23. Rxb2 Rxc3 24. Rxb6 Rd8 25. Ra1 h6 26. Nf3 Rdc8 27. h3 Rc1+ 28.
Rxc1 Rxc1+ 29. Kh2 Rc3 30. a4 Rc4 31. Rb7 Rxa4 32.
Ne5 Rxd4 33. Nxf7 a4 34. Nd6 a3 35. Ra7 Rd2 36. Rxa3 Rxf2 37. Ra8+ Kh7 38. Ra7 Kg6 39. Kg3 Re2 40. Kf3 Re1 41. g4 d4 42.
Nf5 Ne8 43. Rd7 Kf6 44. Rxd4 Nc7 45. Rd6+ Ne6 46. Rd7 Ra1 47. Rd3 Rh1 48. Ke4 Nc5+ 0-1

[Event "***Titled Tuesday 3|2 Blitz"]
[Site "Chess.com"]
[Date "2017.02.07"]
[Round "8"]
[White "kleinebeer98"]
[Black "Sethu0025"]
[Result "0-1"]
[WhiteElo "2473"]
[BlackElo "2555"]
[TimeControl "180+2"]
[EndTime "14:56:31 PST"]
[Termination "Sethu0025 won by checkmate"]

1. e4 g6 2. Nc3 Bg7 3. d4 d6 4. h4 Nf6 5. h5 Nxh5 6. g4 Nf6 7.
g5 Nfd7 8. f4 c5 9. d5 a6 10. a4 Qc7 11. Nf3 Nf8 12. Be3 Bg4 13. Be2 Nbd7 14. Qd2 Qa5 15. Kf2 h5 16. Rab1 Qb4 17.
Qd3 Rc8 18. e5 dxe5 19. Ne4 exf4 20. Bxf4 Bxf3 21. Qxf3 Ne5 22. Qe3 Nfd7 23. c3 Qb6 24. d6 exd6 25. Rbd1 O-O 26. Rxd6 Qxb2 27. Kg3 Rfe8 28.
Rhd1 Nb6 29. R1d2 Qb3 30. Bd1 Qb1 31. Bc2 Qh1 32. Rxb6 h4+ 33. Kf2 Ng4+ 34. Ke2 Nxe3 35. Kxe3 Qh3+ 36. Kf2 Qg4 37. Nf6+ Bxf6 38. Rxf6 h3 39.
Bd1 Qg2# 0-1

[Event "***Titled Tuesday 3|2 Blitz"]
[Site "Chess.com"]
[Date "2017.02.07"]
[Round "8"]
[White "IMJonathanCarlstedt"]
[Black "TomsKantans"]
[Result "0-1"]
[WhiteElo "2429"]
[BlackElo "2525"]
[TimeControl "180+2"]
[EndTime "14:56:32 PST"]
[Termination "TomsKantans won by resignation"]

1. c4 e5 2. g3 Nc6 3. Bg2 Bc5 4. Nc3 d6 5. e3 a6 6. Nge2 Ba7 7. d4 h5 8. b4 Nxb4 9. d5 a5 10. f4 exf4 11. Nxf4 Nf6 12. O-O Qe7 13. h4 Bg4 14.
Qd2 O-O 15. Nb5 Bb6 16. Nd4 Ne4 17. Bxe4 Qxe4 18. a3 Na6 19. Bb2 Rae8 20. Rae1 Nc5 21. Bc3 a4 22. Rf2 Nb3 23. Qb2 Bxd4 24. exd4 Qh7 25.
Rff1 Re4 26. Qf2 Rfe8 27. Rxe4 Rxe4 28. Ne6 f6 29. Nxc7 Re2 30. Qf4 Qc2 31. Re1 Qxc3 32.
Rxe2 Bxe2 33. Qf5 Bg4 34. Qf4 Qe1+ 35. Kg2 Nd2 0-1

[Event "***Titled Tuesday 3|2 Blitz"]
[Site "Chess.com"]
[Date "2017.02.07"]
[Round "8"]
[White "HouseOfDurin"]
[Black "scenicregal"]
[Result "0-1"]
[WhiteElo "1887"]
[BlackElo "1867"]
[TimeControl "180+2"]
[EndTime "14:56:34 PST"]
[Termination "scenicregal won on time"]

1. d4 Nc6 2. g3 d6 3. Bg2 g6 4. d5 Nb8 5. f4 Bg7 6. Nf3 c5 7. O-O Nh6 8. e4 b5 9. e5 O-O 10. b3 c4 11. Bb2 Nf5 12. Re1 Qb6+ 13. Kh1 Ne3 14. Qe2 Nxg2 15. Kxg2 Bb7 16. Bd4 Qc7 17.
bxc4 Qxc4 18. Qxc4 bxc4 19. Nc3 dxe5 20. fxe5 Rd8 21. Bc5 e6 22. d6 Nc6 23. Rab1 Rab8 24.
Kf2 Ba8 25. Nb5 f6 26. exf6 Bxf6 27. Nc7 Rxb1 28. Rxb1 Ne5 29. Nxe6 Ng4+ 30. Kg2 Re8 31. Nc7 Re2+ 32. Kh3 Bxf3 33. Bg1 h5 34. Rb8+ Kh7 0-1

[Event "***Titled Tuesday 3|2 Blitz"]
[Site "Chess.com"]
[Date "2017.02.07"]
[Round "8"]
[White "underdogchss"]
[Black "tigra"]
[Result "0-1"]
[WhiteElo "2451"]
[BlackElo "2599"]
[TimeControl "180+2"]
[EndTime "14:56:43 PST"]
[Termination "tigra won on time"]

1. d4 Nf6 2. Nf3 g6 3. Bg5 Bg7 4. Nbd2 d5 5. c3 O-O 6. e3 Bf5 7. Qb3 b6 8. Be2 c5 9. O-O Nc6 10. h3 c4 11. Qa3 b5 12. Ne5 Rc8 13. Nxc6 Rxc6 14. Nf3 h6 15. Bxf6 Bxf6 16. Qxa7 Qd6 17. Qa5 Rb8 18. Qb4 Qc7 19. a4 bxa4 20. Qxa4 Rxb2 21. Qa8+ Kg7 22. Rfe1 Be4 23. Ne5 Bxe5 24. dxe5 Rcb6 25. e6 Rxe6 26. Ra7 Qb6 27. Bf1 d4 28. exd4 Bxa8 29. Rxa8 Rxe1 0-1

[Event "***Titled Tuesday 3|2 Blitz"]
[Site "Chess.com"]
[Date "2017.02.07"]
[Round "8"]
[White "Zhigalko_Sergei"]
[Black "PelinGorki"]
[Result "1-0"]
[WhiteElo "2690"]
[BlackElo "2391"]
[TimeControl "180+2"]
[EndTime "14:56:50 PST"]
[Termination "Zhigalko_Sergei won by resignation"]

1. e4 d6 2. d4 Nf6 3. Nc3 c6 4.
Nf3 Bg4 5. h3 Bh5 6. g4 Bg6 7. e5 dxe5 8. Nxe5 e6 9. Bg2 Nbd7 10.
Nxg6 hxg6 11. O-O Qc7 12. Qf3 O-O-O 13. g5 Nh5 14. Qxf7 Bd6 15. Qxg6 Bf4 16. Ne2 Rdf8 17.
Qxe6 Kb8 18. Nxf4 Nxf4 19. Bxf4 Rxf4 20. c3 Rhf8 21. Rae1 a5 22. Qg6 Nb6 23. Re8+ Ka7 24. Rxf8 Rxf8 25. Qe6 Na4 26. Qb3 b5 27. Qc2 Nb6 28.
b3 Qf4 29. Qg6 Rf7 30. Bxc6 Nc8 31. Bd5 Rc7 32. c4 Qxd4 33. Qe6 Nb6 34. Qe3 Qb2 35. cxb5 Qxa2 36. Bc6 Qa3 37. Rd1 a4 38. bxa4 Qxa4 39. Qd4 1-0

[Event "***Titled Tuesday 3|2 Blitz"]
[Site "Chess.com"]
[Date "2017.02.07"]
[Round "8"]
[White "Alliswell998"]
[Black "Dlugy"]
[Result "0-1"]
[WhiteElo "2149"]
[BlackElo "2668"]
[TimeControl "180+2"]
[EndTime "14:56:53 PST"]
[Termination "Dlugy won by resignation"]

1. e4 c5 2. Nf3 d6 3. d4 cxd4 4. Nxd4 Nf6 5. Nc3 Nc6 6. Bc4 e6 7.
Be3 Be7 8. Qe2 O-O 9. Bb3 Bd7 10. g4 Nxd4 11. Bxd4 e5 12. Be3 Bxg4 13. f3 Be6 14. O-O-O Bxb3 15. axb3 Kh8 16. Rhg1 a6 17. f4 exf4 18.
Bxf4 Qa5 19. Kb1 Rad8 20. Rg5 Qc7 21. Rdg1 g6 22. h4 Qd7 23. h5 Rg8 24. hxg6 fxg6 25.
e5 Nh5 26. Bd2 Bxg5 27. Bxg5 Rde8 28. Qd2 Rxe5 29. Nd5 Rf8 30. Bh6 Rff5 31. Ne3 Rf7 32.
Nc4 Re6 33. Qd4+ Kg8 34. Nb6 Qe8 35. Ka2 Ng7 36. Nd5 Nf5 37. Qf4 Nxh6 38. Qxh6 Qf8 39. Qh4 Re5 40. Nf4 Rxf4 0-1

[Event "***Titled Tuesday 3|2 Blitz"]
[Site "Chess.com"]
[Date "2017.02.07"]
[Round "8"]
[White "chorejason"]
[Black "lucasmito"]
[Result "0-1"]
[WhiteElo "2009"]
[BlackElo "1789"]
[TimeControl "180+2"]
[EndTime "14:56:59 PST"]
[Termination "lucasmito won by resignation"]

1. e4 e5 2. Nf3 Nc6 3. Bb5 f5 4.
Nc3 fxe4 5. Nxe4 d5 6. Nxe5 dxe4 7. Nxc6 Qg5 8. Qe2 Nf6 9. d4 Qxg2 10. Rf1 Bh3 11.
Ne5+ c6 12. Nxc6 a6 13. Ba4 Qxf1+ 14. Qxf1 Bxf1 15. Kxf1 b5 16. Bb3 Bd6 17. Bg5 Bxh2 18. Re1 Kd7 19. d5 Rae8 20. Nd4 h6 21. Bxf6 gxf6 22.
Ne6 f5 23. a4 Be5 24. c3 h5 25. Nc5+ Kd6 26. Nxa6 bxa4 27. Ba2 Ra8 28. Nb4 a3 29. f4 Bxf4 30. bxa3 Bd2 31. Rd1 Bxc3 32.
Nc2 f4 33. Kf2 h4 34. Bb3 h3 35. a4 h2 36. Rh1 Bb4 37. Nxb4 Rab8 38. Bc2 Rxb4 0-1